 Dungeon Crawl Stone Soup version 0.21.1-1-g345015fe64 (webtiles) character file.

13632 P0ring the Cleaver (level 11, 0/157 HPs)
             Began as a Minotaur Berserker on Apr 15, 2018.
             Was a High Priest of Trog.
             Slain by a ten-headed hydra (1 damage)
             ... on level 1 of the Swamp.
             The game lasted 00:44:30 (13089 turns).

P0ring the Cleaver (Minotaur Berserker)            Turns: 13089, Time: 00:44:31

Health: 0/157      AC: 17    Str: 31    XL:     11   Next: 78%
Magic:  6/6        EV:  9    Int:  6    God:    Trog [*****.]
Gold:   675        SH:  0    Dex:  9    Spells: 10/10 levels left

rFire    . . .     SeeInvis .   p - +4 battleaxe (antimagic)
rCold    . . .     Gourm    +   (shield currently unavailable)
rNeg     . . .     Faith    .   Q - +0 plate armour
rPois    .         Spirit   .   (helmet restricted)
rElec    .         Reflect  .   (no cloak)
rCorr    .         Harm     .   (no gloves)
MR       .....                  (no boots)
Stlth    ..........             q - amulet of the gourmand
HPRegen  0.76/turn              S - ring of magical power
MPRegen  0.10/turn              (no ring)

@: berserking, very quick
A: retaliatory headbutt, horns 2, talons 1, slimy green scales 1, clever 1,
regeneration 1
a: Berserk, Trog's Hand, Brothers in Arms, Burn Spellbooks, Renounce Religion


You were on level 1 of the Swamp.
You worshipped Trog.
Trog was extremely pleased with you.
You were full.

You visited 3 branches of the dungeon, and saw 13 of its levels.

You collected 675 gold pieces.

Inventory:

Hand Weapons
 d - a +0 hand axe of chopping
 p - a +4 antimagic battleaxe (weapon)
Missiles
 o - 2 throwing nets (quivered)
 s - 218 stones
 B - 3 tomahawks of dispersal
Armour
 g - a +2 buckler
 x - a +1 scale mail
 Q - a +0 plate armour (worn)
 T - a +0 shield
Jewellery
 e - a +4 ring of intelligence {unknown}
 q - an amulet of the gourmand (around neck)
 v - an uncursed ring of positive energy {unknown}
 D - an uncursed amulet of the gourmand
 F - a -3 ring of dexterity
 H - an uncursed ring of fire {unknown}
 S - a ring of magical power (left hand)
 U - a cursed amulet of rage {unknown}
 Z - a cursed -2 ring of dexterity
Wands
 b - a wand of disintegration (10)
 l - a wand of polymorph (5)
 u - a wand of paralysis (10)
 y - a wand of digging (23)
 P - a wand of iceblast (9)
 V - a wand of enslavement (15)
Scrolls
 a - a scroll of fog
 m - 2 scrolls of magic mapping
 n - a scroll of silence {unknown}
 w - 7 scrolls of remove curse
 A - a scroll of amnesia
 I - 3 scrolls of identify
 L - a scroll of brand weapon
 M - a scroll of fear {unknown}
 N - 3 scrolls of enchant armour
 O - a scroll of teleportation
Potions
 f - 3 potions of mutation
 h - 2 potions of lignification
 i - 3 potions of resistance
 j - 2 potions of haste
 k - 2 potions of invisibility
 r - 3 potions of degeneration
 t - a potion of berserk rage {unknown}
 z - 3 potions of flight
 C - 2 potions of magic
 E - 3 potions of heal wounds {unknown}
 G - a potion of might {unknown}
 J - 2 potions of agility
 X - 2 potions of ambrosia {unknown}
 Y - a potion of brilliance {unknown}
Books
 K - a book of Maledictions

   Spells                             Type                      Level
   a - Corona                         Hexes                        1
   b - Ensorcelled Hibernation        Hexes/Ice                    2
   c - Confuse                        Hexes                        3
   d - Tukima's Dance                 Hexes                        3
   e - Dazzling Spray                 Conjuration/Hexes            3
   Trog disapproves of the use of such an item.
 W - a book of Flames

   Spells                             Type                      Level
   a - Flame Tongue                   Conjuration/Fire             1
   b - Throw Flame                    Conjuration/Fire             2
   c - Conjure Flame                  Conjuration/Fire             3
   d - Inner Flame                    Hexes/Fire                   3
   e - Sticky Flame                   Conjuration/Fire             4
   f - Fireball                       Conjuration/Fire             5
   Trog disapproves of the use of such an item.
Miscellaneous
 R - 2 sacks of spiders
Comestibles
 c - 27 rations


   Skills:
 * Level 12.7 Fighting
 * Level 12.7 Axes
 * Level 12.4 Armour
 - Level 2.2 Dodging
 * Level 7.1 Shields


You had 10 spell levels left.
You didn't know any spells.

Dungeon Overview and Level Annotations

Branches:
Dungeon (10/15)            Temple (0/1) D:7            Lair (2/6) D:10
  Swamp (1/4) Lair:2          Orc (0/2) D:9
  Snake: Lair:2-4    Spider: Lair:2-4

Altars:
Wu Jian

Shops:
D:5 %

Annotations:
D:7 1 runed door
D:10 exclusion: obsidian statue


Innate Abilities, Weirdness & Mutations

You reflexively headbutt those who attack you in melee.
You have a pair of horns on your head.
You have sharp toenails.
You are partially covered in slimy green scales. (AC +2)
Your mind is acute. (Int +2)
Your natural rate of healing is unusually fast.


Message History

The swamp dragon claws you but does no damage.
The swamp dragon tramples you but does no damage.
The insubstantial wisp barely misses you.
The seven-headed hydra bites you but does no damage. x6
The seven-headed hydra bites you.
* * * LOW HITPOINT WARNING * * *
Unknown command.
You hit the swamp dragon.
The swamp dragon is almost dead.
You lop one of the nine-headed hydra's heads off!
The eight-headed hydra grows two more!
You slice the ten-headed hydra!! You hit the slime creature.
You barely miss the seven-headed hydra.
You closely miss the insubstantial wisp.
The ten-headed hydra barely misses you.
The ten-headed hydra closely misses you.
The ten-headed hydra bites you!
* * * LOW HITPOINT WARNING * * *
The ten-headed hydra bites you but does no damage.
The ten-headed hydra bites you.
You die...

... .... J≈ ≈≈.#
... #D♣
≈≈..##..##..♣♣
.≈≈...#.#..≈.♣♣♣
...≈...J.J≈≈≈≈..
.≈....≈.≈≈≈..♣
.≈...≈≈DJD≈..♣≈≈
♣...≈.D@≈≈.≈≈.≈
♣♣.....v≈≈.♣..≈
♣♣♣♣♣♣≈...♣
♣♣♣♣♣♣


You could see a ten-headed hydra, an eight-headed hydra, a seven-headed hydra, a
swamp dragon, 4 slime creatures and an insubstantial wisp.

Vanquished Creatures
  Erica (Lair:2)
  A hydra (Lair:2)
  A two-headed ogre (D:9)
  The ghost of Whitewater the Basher, a novice MiBe of Trog (D:8)
  2 black mambas (Lair:2)
  3 spiny frogs
  2 komodo dragons
  2 trolls (D:10)
  A hornet (D:8)
  2 hippogriffs (Lair:2)
  9 yaks
  A wyvern (Lair:2)
  A fire bat (D:5)
  3 vampire mosquitoes (Lair:2)
  An insubstantial wisp (Swamp:1)
  2 water moccasins (Lair:1)
  5 porcupines (Lair:2)
  3 black bears
  2 orc warriors
  2 ice beasts
  2 sky beasts
  4 necrophages
  5 ogres
  9 wolves
  4 centaurs
  4 crocodiles (Lair:2)
  A big kobold (D:10)
  5 bullfrogs
  4 scorpions
  A jelly (D:10)
  3 wights (D:9)
  4 killer bees (D:7)
  A howler monkey (D:6)
  4 crimson imps
  2 quasits
  2 bullfrog zombies
  6 orc priests
  5 hounds
  8 orc wizards
  2 bullfrog skeletons
  2 iguanas
  9 worker ants
  A hound skeleton (D:8)
  Robin (D:2)
  2 howler monkey skeletons
  4 gnolls (D:3)
  9 adders
  A shadow imp (D:7)
  2 oozes
  An adder zombie (D:5)
  An adder skeleton (D:7)
  2 worms (D:2)
  A dart slug (D:4)
  4 leopard geckos
  42 orcs
  6 giant cockroaches
  14 goblins
  13 hobgoblins
  2 jackals (D:1)
  10 kobolds
  A quokka (D:3)
  A ball python (D:3)
  13 bats
  4 frilled lizards
  A jackal skeleton (D:4)
  A leopard gecko zombie (D:4)
  A quokka skeleton (D:5)
  9 rats
  A plant (Lair:2)
280 creatures vanquished.

Vanquished Creatures (others)
  2 fungi (Lair:2)
2 creatures vanquished.

Grand Total: 282 creatures vanquished

Notes
Turn   | Place    | Note
-------+----------+-------------------------------------------
     0 | D:1      | P0ring the Minotaur Berserker began the quest for the Orb.
     0 | D:1      | Reached XP level 1. HP: 19/19 MP: 0/0
   268 | D:1      | Reached XP level 2. HP: 27/27 MP: 1/1
   632 | D:1      | Reached XP level 3. HP: 33/33 MP: 2/2
   949 | D:2      | Noticed Robin
   952 | D:2      | Reached ** piety under Trog
   957 | D:2      | Killed Robin
  1082 | D:2      | Reached XP level 4. HP: 27/41 MP: 3/3
  2198 | D:3      | Reached skill level 5 in Axes
  2198 | D:3      | Reached XP level 5. HP: 39/47 MP: 4/4
  2200 | D:3      | Reached skill level 5 in Fighting
  2276 | D:3      | Noticed a necrophage
  2291 | D:3      | Killed a necrophage
  2455 | D:3      | Noticed a sky beast
  2473 | D:3      | Killed a sky beast
  2473 | D:3      | Reached skill level 5 in Armour
  2473 | D:3      | Reached XP level 6. HP: 42/56 MP: 5/5
  2654 | D:3      | Reached *** piety under Trog
  3335 | D:4      | Reached XP level 7. HP: 60/62 MP: 6/6
  3700 | D:4      | Gained mutation: You are partially covered in slimy green scales. (AC +2) [potion of mutation]
  3700 | D:4      | Gained mutation: You have sharp toenails. [potion of mutation]
  3700 | D:4      | Gained mutation: Your mind is acute. (Int +2) [potion of mutation]
  3700 | D:4      | Gained mutation: Your natural rate of healing is unusually fast. [potion of mutation]
  4066 | D:5      | Entered Level 5 of the Dungeon
  4195 | D:5      | Found Meth's Food Emporium.
  4275 | D:5      | Found a transporter.
  4311 | D:5      | Found a transporter.
  4312 | D:5      | Noticed a fire bat
  4330 | D:5      | Killed a fire bat
  4935 | D:5      | Reached XP level 8. HP: 72/73 MP: 7/7
  6118 | D:6      | Reached **** piety under Trog
  6976 | D:7      | Found a runed door.
  6976 | D:7      | Noticed a sixfirhy
  7115 | D:7      | Reached XP level 9. HP: 83/83 MP: 8/8
  7270 | D:7      | Found a staircase to the Ecumenical Temple.
  7883 | D:8      | Paralysed by a hornet for 2 turns
  7980 | D:8      | Noticed Whitewater's ghost (novice MiBe)
  8000 | D:8      | Killed Whitewater's ghost
  8000 | D:8      | Reached skill level 10 in Fighting
  8000 | D:8      | Reached skill level 10 in Axes
  8108 | D:8      | Found an ornate altar of the Wu Jian Council.
  8630 | D:9      | Found a staircase to the Orcish Mines.
  8743 | D:9      | Reached skill level 10 in Armour
  9010 | D:9      | Noticed a two-headed ogre
  9016 | D:9      | Killed a two-headed ogre
  9016 | D:9      | Reached XP level 10. HP: 94/94 MP: 9/9
  9280 | D:9      | Found a flagged portal.
  9662 | D:9      | Received a gift from Trog
  9787 | D:10     | Entered Level 10 of the Dungeon
  9866 | D:10     | Noticed an obsidian statue
  9875 | D:10     | Reached skill level 1 in Shields
  9956 | D:10     | Found a staircase to the Lair.
  9978 | D:10     | Reached ***** piety under Trog
 11059 | Lair:1   | Entered Level 1 of the Lair of Beasts
 11162 | Lair:1   | Noticed a spiny frog
 11167 | Lair:1   | Killed a spiny frog
 11401 | Lair:1   | Noticed a spiny frog
 11412 | Lair:1   | Killed a spiny frog
 11412 | Lair:1   | Reached XP level 11. HP: 65/104 MP: 10/10
 12076 | Lair:2   | Reached skill level 5 in Shields
 12107 | Lair:2   | Found a staircase to the Swamp.
 12134 | Swamp:1  | Entered Level 1 of the Swamp
 12134 | Swamp:1  | Noticed a six-headed hydra
 12134 | Swamp:1  | Noticed a five-headed hydra
 12134 | Swamp:1  | Noticed a swamp dragon
 12214 | Lair:2   | Received a gift from Trog
 12303 | Lair:2   | Noticed a four-headed hydra
 12309 | Lair:2   | Killed a six-headed hydra
 12614 | Lair:2   | Noticed Erica
 12621 | Lair:2   | Killed Erica
 13088 | Swamp:1  | Noticed an eight-headed hydra
 13089 | Swamp:1  | HP: 1/157 [ten-headed hydra (10)]
 13089 | Swamp:1  | Slain by a ten-headed hydra

Skill      XL: |  1  2  3  4  5  6  7  8  9 10 11 |
---------------+----------------------------------+-----
Fighting       | 4 5 6 7 9 10 11 12 | 12.7
Axes           | 4 5 6 7 9 10 11 12 | 12.7
Armour         | 3 4 5 6 8 10 11 12 | 12.4
Shields        | 4 7 |  7.1
Dodging        | |  2.2

Action                   |  1- 3 |  4- 6 |  7- 9 | 10-12 || total
-------------------------+-------+-------+-------+-------++-------
Melee: Hand axe          |    66 |   157 |   276 |   255 ||   754
       Headbutt          |    12 |    25 |    56 |    57 ||   150
       Kick              |       |       |    78 |    98 ||   176
       Battleaxe         |       |       |       |    53 ||    53
Invok: Berserk           |       |       |     2 |     7 ||     9
       Burn Spellbooks   |       |       |     1 |       ||     1
  Use: Scroll            |     1 |     3 |    18 |     2 ||    24
       Potion            |       |       |     3 |     2 ||     5
 Stab: Sleeping          |     1 |       |       |       ||     1
  Eat: Chunk             |     1 |     4 |    15 |    16 ||    36
       Ration            |       |     1 |     2 |     2 ||     5
Armor: Animal skin       |    11 |     3 |       |       ||    14
       Leather armour    |       |    17 |       |       ||    17
       Scale mail        |       |    14 |   109 |    45 ||   168
       Plate armour      |       |       |       |   166 ||   166
Dodge: Dodged            |    46 |    68 |   118 |   124 ||   356
Block: Buckler           |     4 |    31 |    25 |       ||    60
